[Event "*** Titled Tuesday Blitz"]
[Site "Chess.com"]
[Date "2020.05.12"]
[Round "10"]
[White "floplover"]
[Black "AquivaRubinstein"]
[Result "1-0"]
[WhiteElo "2267"]
[BlackElo "2395"]
[TimeControl "180+1"]
[EndTime "11:56:25 PDT"]
[Termination "floplover won by resignation"]

1. d4 Nf6 2. c4 c5 3. d5 e6 4. Nc3 exd5 5. cxd5 d6 6. e4 g6 7. f3 Bg7 8. Nge2 O-O 9. Ng3 h5 10. Bg5 a6 11. a4 Qc7 12. Qd2 Re8 13. Be2 Nh7 14.
Bh6 Bh8 15. O-O h4 16. Nh1 Nd7 17. Nf2 Ne5 18. f4 Nd7 19. f5 Ne5 20. fxg6 Nxg6 21. Bg4 Bxg4 22. Nxg4 Qd7 23. h3 b5 24. axb5 axb5 25.
Rxa8 Rxa8 26. Kh1 b4 27. Nd1 Re8 28. Qc2 Qe7 29. Nde3 Qxe4 30. Qf2 Re7 31. Nf5 Rd7 32. Nxd6 Qe7 33. Nf5 Qd8 34. d6 Ne5 35. Nxe5 Bxe5 36. Ne7+ Rxe7 37. dxe7 Qxe7 38. Qf3 Qe6 39. Bc1 Nf6 40.
Qf5 Qxf5 41. Rxf5 Bd4 42. Rf4 Nd5 43. Rxh4 Kf8 44. Rh5 Nf6 45. Rf5 Ne4 46. Rf3 Ke7 47. h4 Ke6 48. h5 f5 49. h6 Nf2+ 50. Kh2 Ng4+ 51. Kh3 Kf6 52. Kg3 Kg6 53. Kh4 Bf6+ 54. Kh3 Nxh6 55. Bxh6 Kxh6 56. Rxf5 Bd4 57. b3 Kg6 58.
Rd5 Kf6 59. g4 Ke6 60. Rd8 Be5 61. Rc8 Bd6 62. g5 Kd5 63. Ra8 Kd4 64. g6 Be5 65.
Kg4 Kc3 66. Kg5 Kxb3 67. Re8 Bd4 68. Rd8 Be5 69. Re8 Bc3 70. Re6 c4 71. Rf6 Kc2 72. g7 Bxf6+ 73. Kxf6 b3 74. g8=Q b2 75. Qg2+ Kb3 76.
Qf1 c3 77. Qd1+ Ka2 78. Qa4+ Kb1 79. Qd1+ Ka2 80. Qd5+ Ka1 81. Qa5+ Kb1 82. Qxc3 Ka2 83. Qa5+ Kb3 84. Qb5+ Ka2 85. Qa4+ Kb1 86. Ke5 Kc1 87. Qc4+ Kd2 88. Qb4+ Kc1 89. Qc3+ Kb1 90. Kd4 Ka2 91. Qa5+ Kb1 92. Kc3 Kc1 93. Qg5+ Kd1 94. Qg1+ Ke2 95. Qg2+ Kd1 96. Qxb2 1-0

[Event "*** Titled Tuesday Blitz"]
[Site "Chess.com"]
[Date "2020.05.12"]
[Round "10"]
[White "ThePatrick27"]
[Black "relaxx87"]
[Result "1-0"]
[WhiteElo "2557"]
[BlackElo "2667"]
[TimeControl "180+1"]
[EndTime "11:57:19 PDT"]
[Termination "ThePatrick27 won by checkmate"]

1. d4 d5 2. c4 c6 3. Nf3 Nf6 4. Nc3 a6 5. e3 Bf5 6. b3 e6 7. Be2 Nbd7 8. O-O Bd6 9. Bb2 Ne4 10. Bd3 Nxc3 11. Bxc3 Bxd3 12. Qxd3 O-O 13. e4 dxe4 14.
Qxe4 Re8 15. Rfe1 Be7 16. Rad1 Bf6 17. Qc2 Qc7 18. g3 Nf8 19. Kg2 Red8 20. Re2 Ng6 21. Re3 Ne7 22. Qe2 Nf5 23. Red3 Rd7 24. Qe1 Rad8 25. Qe4 b5 26. cxb5 cxb5 27. Bb2 Ne7 28. Ne5 Bxe5 29. dxe5 Rxd3 30. Rxd3 Rxd3 31. Qxd3 Nd5 32. Qd2 h6 33. f3 Qc5 34. Bd4 Qc6 35.
Bb2 h5 36. h3 g6 37. Bd4 b4 38. Kf2 a5 39. Bb2 a4 40. bxa4 Qxa4 41. Bd4 Qa3 42. h4 Nc3 43. Kg2 Nxa2 44. Bc5 Qc3 45. Bxb4 Qxb4 46. Qxa2 Qe1 47. f4 Qe4+ 48. Kh2 Kg7 49.
Qg2 Qe3 50. Qg1 Qe2+ 51. Kh3 Qd3 52. Qe1 Qf3 53. Kh2 Kf8 54. Qd2 Ke8 55. Qg2 Qd3 56.
Qa8+ Ke7 57. Qb7+ Kf8 58. Qa8+ Kg7 59. Qg2 Qe3 60. Qg1 Qe2+ 61. Kh3 Kf8 62. Qg2 Qd1 63. Kh2 Ke8 64. Qg1 Qc2+ 65. Qg2 Qd3 66. Qf2 Kf8 67.
Kg2 Kg7 68. Qf3 Qd2+ 69. Kf1 Qc2 70. Ke1 Qc1+ 71. Ke2 Qc2+ 72. Ke3 Qc3+ 73. Kf2 Qd2+ 74. Qe2 Qd4+ 75. Kg2 Kf8 76. Qf2 Qd5+ 77. Qf3 Qc4 78. Qe3 Ke7 79. Qd2 Qc6+ 80. Kf2 Qh1 81. Ke3 Qg1+ 82. Qf2 Qc1+ 83. Kf3 Qd1+ 84. Ke3 Qc1+ 85. Kf3 Qc3+ 86. Kg2 Qc6+ 87. Kh2 Kd7 88. Qd2+ Kc8 89. Qg2 Qc3 90. Qa8+ Kc7 91. Qa7+ Kc6 92. Qxf7 Kd5 93. Qxg6 Qd2+ 94. Kh3 Qe2 95. Qb1 Kd4 96. Qa1+ Ke3 97.
Qc3+ Kf2 98. Qd4+ Kf1 99. Qa1+ Kf2 100. Qd4+ Kf3 101. Qc3+ Ke4 102. Qc6+ Kf5 103. Qc1 Qg4+ 104. Kh2 Qe2+ 105. Kh3 Qg4+ 106. Kg2 Qe2+ 107. Kg1 Qd3 108. Qe1 Kg4 109. Qf2 Qd1+ 110. Kg2 Qd5+ 111. Kh2 Qe4 112. Qg2 Qe3 113. Qh3+ Kf3 114. g4+ Kxf4 115. Qxe3+ Kxe3 116. gxh5 Kf4 117. h6 Kxe5 118. h7 Kf6 119. h8=Q+ Kf5 120. Qg7 e5 121. h5 e4 122. h6 e3 123. Qe7 e2 124. Qxe2 Kg6 125. Qd2 Kh7 126. Kg3 Kg6 127. Kg4 Kh7 128. Kg5 Kg8 129. Kg6 Kf8 130. Qd8# 1-0